 Dungeon Crawl Stone Soup version 0.22.0-38-g04b72b8 (webtiles) character file.

194004 Liatris the Severer (level 17, 0/137 HPs)
             Began as a Demonspawn Gladiator on Aug 25, 2018.
             Was the Champion of Okawaru.
             Slain by a jiangshi (21 damage)
             ... led by a vampire mage
             ... on level 3 of the Abyss on Aug 28, 2018.
             The game lasted 04:06:58 (42434 turns).

Liatris the Severer (Demonspawn Gladiator)         Turns: 42434, Time: 04:06:59

Health: 0/137      AC: 24    Str: 20    XL:     17   Next: 66%
Magic:  15/15      EV: 25    Int:  7    God:    Okawaru [******]
Gold:   3589       SH: 11    Dex: 20    Spells: 16/16 levels left

rFire    + + +     SeeInvis +   k - +6 hand axe (elec)
rCold    + . .     Gourm    +   i - +3 buckler
rNeg     + . .     Faith    .   w - +6 leather armour "Owidig Okih" {rC+ rN+ Dex+3}
rPois    +         Spirit   .   c - +0 helmet
rElec    .         Reflect  .   x - +2 cloak {rPois}
rCorr    .         Harm     .   N - +0 pair of gloves "Haneemm" {rF+ Int-2 SInv}
MR       +....                  s - +0 pair of boots {run}
Stlth    +++++.....             o - amulet of the gourmand
HPRegen  0.32/turn              L - +3 ring of protection
MPRegen  0.14/turn              R - +3 ring of evasion

@: about to teleport, very slightly contaminated, quick
A: hooves 2, molten scales 3, fire resistance 1, ignite blood, [low mp 2], spiny
2, flame cloud immunity
}: 1/15 runes: gossamer
a: Heroism, Finesse, Renounce Religion


You were on level 3 of the Abyss.
You worshipped Okawaru.
Okawaru was exalted by your worship.
You were not hungry.

You visited 6 branches of the dungeon, and saw 30 of its levels.
You visited the Abyss 2 times.
You also visited: Ossuary and Bailey.

You collected 3589 gold pieces.

Inventory:

Hand Weapons
 k - a +6 hand axe of electrocution (weapon)
 u - the +7 bardiche "Puchur" {venom, +Fly rF++ Str-2 SInv}
   (Okawaru gifted it to you on level 2 of the Spider Nest)

   It poisons the flesh of those it strikes.
   It affects your strength (-2).
   It greatly protects you from fire.
   It lets you see invisible.
   It lets you fly.
 C - the +8 hunting sling "Fykodasaci" {flame, Fragile +Inv rF+++ MR+}
   (You found it on level 6 of the Dungeon)

   It causes projectiles fired from it to burn those they strike, causing extra
   injury to most foes and up to half again as much damage against particularly
   susceptible opponents.
   It renders you almost immune to fire.
   It affects your resistance to hostile enchantments.
   It lets you turn invisible.
   It will be destroyed if unequipped.
 S - the +1 flail of the Middle {flame, rElec Str+3 SInv}
   (Okawaru gifted it to you on level 14 of the Dungeon)

   It has been specially enchanted to burn those struck by it, causing extra
   injury to most foes and up to half again as much damage against particularly
   susceptible opponents.
   It affects your strength (+3).
   It insulates you from electricity.
   It lets you see invisible.
 W - a +4 hand axe of freezing
Missiles
 d - 4 throwing nets (quivered)
Armour
 c - a +0 helmet (worn)
 i - a +3 buckler (worn)
 m - the +1 cloak of Starlight {rElec rC+ EV+4 Stlth--}
   (Okawaru gifted it to you on level 13 of the Dungeon)

   It affects your evasion (+4).
   It protects you from cold.
   It insulates you from electricity.
   It makes you much less stealthy.
 s - a +0 pair of boots of running (worn)
 w - the +6 leather armour "Owidig Okih" (worn) {rC+ rN+ Dex+3}
   (You found it on level 5 of the Dungeon)

   It affects your dexterity (+3).
   It protects you from cold.
   It protects you from negative energy.
 x - a +2 cloak of poison resistance (worn)
 E - a +2 ring mail of poison resistance
 H - a +3 scale mail of cold resistance
 N - the +0 pair of gloves "Haneemm" (worn) {rF+ Int-2 SInv}
   (Okawaru gifted it to you on level 4 of the Lair of Beasts)

   It affects your intelligence (-2).
   It protects you from fire.
   It lets you see invisible.
 T - a scarf of spirit shield
 U - a scarf of repulsion
Jewellery
 h - an uncursed ring of positive energy
 j - an uncursed amulet of guardian spirit
 o - an amulet of the gourmand (around neck)
 y - an uncursed ring of resist corrosion
 F - an uncursed ring of stealth
 L - a +3 ring of protection (left hand)
 R - a +3 ring of evasion (right hand)
 V - an uncursed ring of protection from cold
 X - an uncursed amulet of faith
 Y - an uncursed ring of see invisible
Wands
 a - a wand of enslavement (12)
 g - a wand of disintegration (1)
 r - a wand of random effects (108)
 A - a wand of flame (53)
 G - a wand of acid (13)
 I - a wand of paralysis (11)
 J - a wand of digging (27)
 M - a wand of polymorph (26)
Scrolls
 b - 4 scrolls of blinking
 l - 4 scrolls of fog
 p - a scroll of magic mapping
 v - 12 scrolls of remove curse
 z - 2 scrolls of fear
Potions
 e - 3 potions of flight
 q - 10 potions of curing
 t - a potion of mutation {unknown}
 D - 4 potions of brilliance
 O - a potion of berserk rage
 P - a potion of resistance
Miscellaneous
 K - a lamp of fire
 Q - a phantom mirror
 Z - a crystal ball of energy
Comestibles
 f - 7 rations


   Skills:
 + Level 13.6 Fighting
 + Level 15.4(15.7) Axes
 + Level 5.6(11.6) Maces & Flails
 + Level 2.0 Throwing
 + Level 7.4 Armour
 + Level 12.4 Dodging
 + Level 11.2 Stealth
 + Level 12.7 Shields
 + Level 3.3 Evocations


You had 16 spell levels left.
You didn't know any spells.
Your spell library contained the following spells:

 Spells                   Type           Power        Failure   Level  Hunger
 Animate Skeleton         Necr           N/A          47%         1    ##.....
 Apportation              Tloc           #.....       47%         1    ##.....
 Confusing Touch          Hex            #.....       47%         1    ##.....
 Freeze                   Ice            #...         47%         1    ##.....
 Magic Dart               Conj           #...         47%         1    ##.....
 Sting                    Conj/Pois      #...         47%         1    ##.....
 Summon Small Mammal      Summ           #...         47%         1    ##.....
 Call Imp                 Summ           #.......     63%         2    ###....
 Ensorcelled Hibernation  Hex/Ice        #.....       63%         2    ###....
 Poisonous Vapours        Pois/Air       #.....       63%         2    ###....
 Throw Frost              Conj/Ice       #.....       63%         2    ###....
 Call Canine Familiar     Summ           #.......     85%         3    ####...
 Confuse                  Hex            #.......     85%         3    ####...
 Gell's Gravitas          Tloc           #.........   85%         3    ####...
 Mephitic Cloud           Conj/Pois/Air  #.......     85%         3    ####...
 Ozocubu's Armour         Chrm/Ice       #.......     85%         3    ####...
 Stone Arrow              Conj/Erth      #.....       85%         3    ####...
 Summon Guardian Golem    Hex/Summ       #.......     85%         3    ####...
 Olgreb's Toxic Radiance  Pois           #.......     99%         4    #####..
 Petrify                  Tmut/Erth      #.......     99%         4    #####..
 Summon Ice Beast         Ice/Summ       #.......     99%         4    #####..
 Summon Lightning Spire   Summ/Air       #.......     99%         4    #####..
 Throw Icicle             Conj/Ice       #.......     99%         4    #####..
 Aura of Abjuration       Summ           #.........   100%        5    ######.
 Bolt of Magma            Conj/Fire/Erth #.........   100%        5    ######.
 Borgnjor's Vile Clutch   Necr/Erth      #.........   100%        5    ######.
 Irradiate                Conj/Tmut      #.........   100%        5    ######.
 Iskenderun's Battlesphe  Conj/Chrm      #.......     100%        5    ######.
 Metabolic Englaciation   Hex/Ice        #.........   100%        5    ######.
 Silence                  Hex/Air        #.........   100%        5    ######.
 Venom Bolt               Conj/Pois      #.........   100%        5    ######.
 Yara's Violent Unravell  Hex/Tmut       #.........   100%        5    ######.
 Conjure Ball Lightning   Conj/Air       #.........   100%        6    #######
 Darkness                 Hex            #.........   100%        6    #######
 Hydra Form               Tmut           #.........   100%        6    #######
 Iron Shot                Conj/Erth      #.........   100%        6    #######
 Shadow Creatures         Summ           N/A          100%        6    #######
 Statue Form              Tmut/Erth      #........    100%        6    #######
 Dragon Form              Tmut           #.........   100%        7    #######
 Orb of Destruction       Conj           #.........   100%        7    #######
 Spellforged Servitor     Conj/Summ      #.........   100%        7    #######


Dungeon Overview and Level Annotations

Branches:
Dungeon (15/15)            Temple (1/1) D:6            Lair (6/6) D:11
 Shoals (0/4) Lair:3       Spider (4/4) Lair:3        Slime (0/5) Lair:6
    Orc (2/2) D:10            Elf (2/3) Orc:2        Vaults (0/5) D:13
 Depths (0/5) D:15

Altars:
Cheibriados
Dithmenos
Fedhas
Makhleb
Nemelex Xobeh
Okawaru
Qazlal
Ru
Sif Muna
Vehumet
Wu Jian
Xom
Yredelemnul
Zin
The Shining One
Jiyva

Shops:
D:11 }   Orc:2 ==*%

Annotations:
D:5 3 runed doors, grocchini's ghost, novice DrTm
D:9 4 transporters, poirepourri's ghost, novice DECj
D:13 Azrael
D:15 3 runed doors, Pitul's ghost, journeyman DEFE
Lair:2 exclusion: oklob plant
Lair:5 3 runed doors, Vuss's ghost, journeyman DDFi
Lair:6 exclusion: oklob plant


Innate Abilities, Weirdness & Mutations

You have hoof-like feet.
You are completely covered in molten scales. (AC +4, rF+)
Your flesh is heat resistant. (rF+)
Your demonic aura causes spilled blood to erupt in flames.
You are mostly covered in sharp spines.
You are immune to clouds of flame.
[Your magical capacity is very low. (-20% MP)]


Message History

You block the jiangshi's attack. The jiangshi is struck by your spines.
You destroy the jiangshi!
Okawaru accepts your kill.
You feel much better.
The jiangshi is engulfed in blazing flames.
The jiangshi completely misses you. You block the jiangshi's attack.
The wretched star pulses with an eldritch light!
You feel less energetic. x2
A lich comes into view.
The tentacled starspawn is engulfed in blazing flames.
A tentacle flies out from the starspawn's body!
The jiangshi is engulfed in blazing flames.
The jiangshi is struck by your spines. The jiangshi claws you.
* * * LOW HITPOINT WARNING * * *
The jiangshi draws strength from your injuries!
The jiangshi completely misses you.
A starspawn tentacle comes into view.
The tentacled starspawn is engulfed in blazing flames.
The jiangshi claws you!!
You die...

... ....... . ....V .
. ... #.....# ...# .
#.... #... ..# #.#.
##.## ##.## . #.. ..
##...###V..## .. ..(.
..#.....#.W...#... ...
...*....X§w........
..#.....#.§.§.#XV...#.
. ...###... ##@.[##
.##.# # §## ##.## │..
# # .# ..# /#.... #..
. # ..L# ....... .. .
..... .....( .#.. . .
...#.. ......###
..###.. . . ## .## #.


You could see a tentacled starspawn, a lich (wandering), a jiangshi, a vampire
mage (invisible), a shadow wraith (invisible), a large abomination and a
starspawn tentacle (unaware).

Vanquished Creatures
  Arachne (Spider:2)
  A tentacled starspawn (Abyss:3)
  Kirke (Spider:3)
  5 ghost moths
  3 emperor scorpions
  A deep elf demonologist (Elf:1)
  A spark wasp (Spider:3)
  Snorg (D:13)
  A deep elf death mage (Elf:2)
  Josephine (D:11)
  3 fire dragons
  4 ogre magi (Orc:2)
  2 jiangshi (Abyss:3)
  Harold (D:7)
  Erolcha (D:13)
  8 vault guards (D:13)
  11 hydras
  A catoblepas (Lair:6)
  3 centaur warriors
  16 two-headed ogres
  4 dancing weapons (Elf:1)
  Urug (D:12)
  Sonja (Lair:1)
  5 deep elf knights (Elf:1)
  A sixfirhy (Abyss:3)
  An unseen horror (D:13)
  6 deep elf archers
  A wizard (D:10)
  Pikel (D:5)
  A lindwurm (Lair:6)
  An orc knight (D:15)
  32 deep elf magi
  15 orb spiders
  An oklob plant (Lair:6)
  A manticore (D:15)
  17 ugly things
  30 wolf spiders
  4 cyclopes
  2 moths of wrath
  20 elephants
  4 centaur zombies
  2 apocalypse crabs (Abyss:3)
  3 molten gargoyles (Lair:6)
  6 black mambas
  9 spiny frogs
  4 centaur skeletons
  A rime drake (Lair:4)
  14 demonic crawlers
  7 komodo dragons
  2 freezing wraiths
  A tengu conjurer (D:14)
  5 trolls
  3 meliai
  34 jumping spiders
  6 hornets
  12 blink frogs
  A hornet (shapeshifter) (D:15)
  12 hippogriffs
  4 slime creatures (D:15)
  6 dream sheep (Lair:6)
  A centaur simulacrum (D:15)
  2 shadows (D:15)
  25 tarantellas
  7 wraiths
  47 redbacks
  An air elemental (Elf:1)
  A human (D:8)
  6 wyverns
  9 hogs
  Grum (D:8)
  64 yaks
  2 fire elementals
  A vampire (D:14)
  3 basilisks
  3 hungry ghosts
  A large abomination (Abyss:3)
  A steam dragon (Lair:6)
  Menkaure (D:6)
  A neqoxec (Abyss:3)
  An acid dragon (D:14)
  12 porcupines
  10 water moccasins
  5 hell hounds
  4 ice beasts
  18 orc warriors
  4 sky beasts
  4 slaves (D:4)
  An eye of draining (D:14)
  33 ogres
  5 phantoms
  7 wolves
  11 centaurs
  14 crocodiles
  3 big kobolds
  17 bullfrogs
  4 water moccasin zombies (Ossuary)
  A wyvern skeleton (D:13)
  11 killer bees
  11 wights
  7 howler monkeys
  3 electric eels
  4 lava snakes (Lair:6)
  2 bullfrog zombies
  7 crimson imps
  8 hounds
  2 quasits
  16 orc priests
  4 jellies
  4 bullfrog skeletons
  2 iguanas
  20 orc wizards
  16 worker ants
  2 big kobold zombies (Ossuary)
  2 hound skeletons
  2 mummies (Ossuary)
  3 worker ant zombies
  16 gnolls
  16 adders
  4 shadow imps
  3 adder skeletons
  7 adder zombies
  3 worms (D:2)
  3 dart slugs
  6 leopard geckos
  53 orcs
  5 giant cockroaches
  2 gnoll zombies (Ossuary)
  9 goblins
  7 hobgoblins
  11 jackals
  25 kobolds
  4 quokkas
  A ball python (D:6)
  6 bats
  10 frilled lizards
  4 hobgoblin zombies (Ossuary)
  2 jackal skeletons
  3 kobold zombies (Ossuary)
  A leopard gecko zombie (D:9)
  3 orc zombies (Ossuary)
  A quokka skeleton (D:5)
  A quokka zombie (D:5)
  9 rats
  2 fungi
  A starspawn tentacle (Abyss:3)
1022 creatures vanquished.

Vanquished Creatures (collateral kills)
  A demonic crawler (Spider:1)
1 creature vanquished.

Vanquished Creatures (others)
  A wolf spider (Spider:4)
  A deep elf mage (Elf:1)
  A centaur zombie (D:15)
  A giant cockroach (D:7)
  A bush (Lair:6)
  5 fungi (Lair:6)
  11 plants
  7 starspawn tentacles (Abyss:3)
28 creatures vanquished.

Grand Total: 1051 creatures vanquished

Notes
Turn   | Place    | Note
-------+----------+-------------------------------------------
     0 | D:1      | Liatris the Demonspawn Gladiator began the quest for the Orb.
     0 | D:1      | Reached XP level 1. HP: 16/16 MP: 1/1
    49 | D:1      | Reached skill level 3 in Axes
    49 | D:1      | Gained mutation: You have large cloven feet. [demonic ancestry]
    49 | D:1      | Reached XP level 2. HP: 14/22 MP: 2/2
   518 | D:1      | Gained mutation: You are partially covered in molten scales. (AC +2) [demonic ancestry]
   518 | D:1      | Reached XP level 3. HP: 27/27 MP: 3/3
  1664 | D:2      | Reached XP level 4. HP: 31/33 MP: 4/4
  1801 | D:3      | Reached skill level 1 in Armour
  1834 | D:3      | Found an iron altar of Okawaru.
  1853 | D:3      | Reached skill level 4 in Axes
  2160 | D:3      | Gained mutation: You are mostly covered in molten scales. (AC +3) [demonic ancestry]
  2160 | D:3      | Reached XP level 5. HP: 39/39 MP: 5/5
  2200 | D:3      | Became a worshipper of Warmaster Okawaru
  2467 | D:3      | Found a glowing golden altar of the Shining One.
  2508 | D:3      | Found a snail-covered altar of Cheibriados.
  2817 | D:4      | Found a sand-covered staircase.
  2829 | Ossuary  | Entered an ossuary
  2866 | Ossuary  | Reached XP level 6. HP: 44/47 MP: 6/6
  2875 | Ossuary  | Reached skill level 5 in Axes
  2952 | Ossuary  | Reached * piety under Okawaru
  3216 | Ossuary  | Reached skill level 1 in Stealth
  3441 | D:4      | Reached skill level 1 in Shields
  3441 | D:4      | Reached XP level 7. HP: 49/52 MP: 7/7
  4059 | D:4      | Found an ornate altar of the Wu Jian Council.
  4518 | D:4      | Found a radiant altar of Vehumet.
  4967 | D:5      | Entered Level 5 of the Dungeon
  5003 | D:5      | Got a smoking leather armour
  5066 | D:5      | Found a runed gate.
  5066 | D:5      | Found a runed gate.
  5071 | D:5      | Found a runed gate.
  5094 | D:5      | Identified the +6 leather armour "Owidig Okih" {rC+ rN+ Dex+3} (You found it on level 5 of the Dungeon)
  5103 | D:5      | Reached skill level 6 in Axes
  5116 | D:5      | Reached ** piety under Okawaru
  5123 | D:5      | Noticed Pikel
  5146 | D:5      | Killed Pikel
  5146 | D:5      | Reached skill level 7 in Axes
  5146 | D:5      | Reached skill level 1 in Evocations
  5146 | D:5      | Gained mutation: You are partially covered in sharp spines. [demonic ancestry]
  5146 | D:5      | Reached XP level 8. HP: 41/61 MP: 8/8
  5426 | D:5      | Noticed grocchini's ghost (novice DrTm)
  5441 | D:5      | Found a glowing golden altar of the Shining One.
  5515 | D:5      | Found a burning altar of Makhleb.
  5696 | D:6      | Found a blossoming altar of Fedhas.
  5713 | D:6      | Reached *** piety under Okawaru
  5744 | D:6      | Noticed Menkaure
  5757 | D:6      | Killed Menkaure
  5857 | D:6      | Reached skill level 5 in Fighting
  5994 | D:6      | Found a staircase to the Ecumenical Temple.
  6016 | D:6      | Reached skill level 8 in Axes
  6016 | D:6      | Reached XP level 9. HP: 68/68 MP: 10/10
  6023 | Temple   | Entered the Ecumenical Temple
  6323 | D:6      | Got a steaming hunting sling
  6536 | D:7      | Reached **** piety under Okawaru
  6565 | D:7      | Noticed Harold
  6590 | D:7      | Killed Harold
  6590 | D:7      | Reached skill level 9 in Axes
  6622 | D:7      | Reached ***** piety under Okawaru
  6794 | D:7      | Identified the +8 hunting sling "Fykodasaci" {flame, Fragile +Inv rF+++ MR+} (You found it on level 6 of the Dungeon)
  6795 | D:7      | Identified a scroll of acquirement
  6972 | D:7      | Found a shadowy altar of Dithmenos.
  6998 | D:7      | Found a sacrificial altar of Ru.
  7252 | D:8      | Noticed Grum
  7265 | D:8      | Reached skill level 5 in Dodging
  7271 | D:8      | Killed Grum
  7271 | D:8      | Reached XP level 10. HP: 56/76 MP: 11/11
  7703 | D:8      | Found a stormy altar of Qazlal.
  7801 | D:8      | Received a gift from Okawaru
  7801 | D:8      | Reached skill level 10 in Axes
  7910 | D:8      | Found a sparkling altar of Nemelex Xobeh.
  8012 | D:8      | Found a deep blue altar of Sif Muna.
  8115 | D:8      | Received a gift from Okawaru
  8130 | D:8      | Identified a +0 pair of boots of running (Okawaru gifted it to you on level 8 of the Dungeon)
  8612 | D:9      | Found a shimmering altar of Xom.
  8671 | D:9      | Noticed poirepourri's ghost (novice DECj)
  8671 | D:9      | Noticed a two-headed ogre
  8672 | D:9      | Noticed a two-headed ogre
  8673 | D:9      | Found a transporter.
  8674 | D:9      | Noticed a two-headed ogre
  8677 | D:9      | Found a transporter.
  8695 | D:9      | Found a transporter.
  8697 | D:9      | Noticed a fire crab
  8700 | D:9      | Noticed a fire crab
  8708 | D:9      | Found a basalt altar of Yredelemnul.
  8718 | D:9      | Found a transporter.
  9133 | D:9      | Noticed an orc sorcerer
  9349 | D:10     | Entered Level 10 of the Dungeon
  9372 | D:10     | Found a staircase to the Orcish Mines.
  9462 | D:10     | Found a flagged portal.
  9471 | Bailey   | Entered a bailey
  9531 | Bailey   | Reached skill level 5 in Stealth
  9651 | D:10     | Noticed a two-headed ogre
  9666 | D:10     | Killed a two-headed ogre
  9666 | D:10     | Gained mutation: You are completely covered in molten scales. (AC +4, rF+) [demonic ancestry]
  9666 | D:10     | Reached XP level 11. HP: 31/84 MP: 12/12
 10106 | D:10     | Noticed a two-headed ogre
 10117 | D:10     | Killed a two-headed ogre
 10360 | D:10     | Reached skill level 11 in Axes
 10419 | D:10     | Noticed a wizard
 10423 | D:10     | Paralysed by a wizard for 5 turns
 10434 | D:10     | Killed a wizard
 10693 | D:11     | Noticed Josephine
 10869 | D:11     | Reached skill level 5 in Shields
 11008 | D:11     | Found a staircase to the Lair.
 11269 | D:11     | Noticed a red ugly thing
 11283 | D:11     | Killed a red ugly thing
 11510 | D:11     | Noticed a red ugly thing
 11524 | D:11     | Killed a red ugly thing
 11775 | D:11     | Found Curo's Gadget Boutique.
 12025 | D:11     | Noticed a two-headed ogre
 12034 | D:11     | Killed Josephine
 12065 | D:11     | Killed a two-headed ogre
 12337 | Lair:1   | Entered Level 1 of the Lair of Beasts
 12562 | Lair:1   | Noticed Sonja
 12639 | Lair:1   | Received a gift from Okawaru
 12644 | Lair:1   | Gained mutation: Your flesh is heat resistant. (rF+) [demonic ancestry]
 12644 | Lair:1   | Reached XP level 12. HP: 63/94 MP: 13/13
 12701 | Lair:1   | Reached ****** piety under Okawaru
 13001 | Lair:1   | Reached skill level 5 in Armour
 13317 | Lair:1   | Killed Sonja
 13566 | Lair:2   | Reached skill level 12 in Axes
 13887 | Lair:2   | Noticed an eight-headed hydra
 13902 | Lair:2   | Killed an eight-headed hydra
 13902 | Lair:2   | Received a gift from Okawaru
 14390 | Lair:3   | Noticed a seven-headed hydra
 14982 | Lair:3   | Found a hole to the Spider Nest.
 15024 | Spider:1 | Entered Level 1 of the Spider Nest
 15503 | Lair:3   | Found a staircase to the Shoals.
 16434 | D:12     | Reached XP level 13. HP: 92/101 MP: 14/14
 16782 | D:12     | Noticed Urug
 16801 | D:12     | Killed Urug
 16917 | D:13     | Noticed Snorg
 16934 | D:13     | Killed Snorg
 16934 | D:13     | Reached skill level 13 in Axes
 16970 | D:13     | Received a gift from Okawaru
 16971 | D:13     | Found the +1 cloak of Starlight {rElec rC+ EV+4 Stlth--}
 17231 | D:13     | Found a gate to the Vaults.
 17701 | D:13     | Noticed Azrael
 18048 | D:13     | Reached skill level 10 in Fighting
 18157 | D:13     | Noticed Erolcha
 18204 | D:13     | Cast into level 1 of the Abyss (Erolcha)
 18260 | Abyss:1  | Noticed a lich
 18314 | D:13     | Escaped the Abyss
 18321 | D:13     | Killed Erolcha
 19140 | D:14     | Gained mutation: You are immune to clouds of flame. [demonic ancestry]
 19140 | D:14     | Reached XP level 14. HP: 111/111 MP: 15/15
 19317 | D:14     | Reached skill level 14 in Axes
 19420 | D:14     | Received a gift from Okawaru
 19421 | D:14     | Got an ichor-stained flail {god gift}
 19422 | D:14     | Identified the +1 flail of the Middle {flame, rElec Str+3 SInv} (Okawaru gifted it to you on level 14 of the Dungeon)
 20371 | D:12     | Reached skill level 1 in Maces & Flails
 21194 | Lair:4   | Received a gift from Okawaru
 21195 | Lair:4   | Got a pair of fine gloves {god gift}
 21215 | Lair:4   | Identified the +0 pair of gloves "Haneemm" {rF+ Int-2 SInv} (Okawaru gifted it to you on level 4 of the Lair of Beasts)
 21421 | Lair:4   | Got a warped great sword
 21430 | Lair:4   | Identified the +7 great sword "Goyr" {vamp, rN+} (You found it on level 4 of the Lair of Beasts)
 22179 | Lair:5   | You fall through a shaft!
 22179 | Lair:6   | Entered Level 6 of the Lair of Beasts
 23324 | Lair:6   | Found a viscous altar of Jiyva.
 23324 | Lair:6   | Found a staircase to the Slime Pits.
 23951 | Lair:6   | Gained mutation: You have hoof-like feet. [demonic ancestry]
 23951 | Lair:6   | Reached XP level 15. HP: 65/119 MP: 17/17
 24205 | Lair:6   | Found a large runed door.
 24208 | Lair:6   | Found a large runed door.
 24421 | Lair:6   | Received a gift from Okawaru
 24431 | Lair:6   | Reached skill level 5 in Maces & Flails
 24802 | Lair:5   | Found a runed gate.
 24838 | Lair:5   | Found a runed gate.
 24840 | Lair:5   | Found a runed gate.
 24844 | Lair:5   | Noticed Vuss's ghost (journeyman DDFi)
 26069 | D:15     | Entered Level 15 of the Dungeon
 26113 | D:15     | Found a runed gate.
 26114 | D:15     | Found a runed gate.
 26115 | D:15     | Found a runed gate.
 26115 | D:15     | Noticed a sphinx
 26117 | D:15     | Noticed Pitul's ghost (journeyman DEFE)
 26565 | D:15     | Received a gift from Okawaru
 26603 | D:15     | Reached skill level 10 in Shields
 27264 | D:15     | Found a staircase to the Depths.
 27631 | Orc:1    | Entered Level 1 of the Orcish Mines
 27963 | Orc:2    | Entered Level 2 of the Orcish Mines
 27991 | Orc:2    | Reached skill level 10 in Stealth
 28148 | Orc:2    | Found a staircase to the Elven Halls.
 28363 | Orc:2    | Found Fyuskues's Jewellery Shop.
 28363 | Orc:2    | Found Suvumeng's Jewellery Emporium.
 28667 | Orc:1    | Reached skill level 10 in Dodging
 29215 | Orc:2    | Received a gift from Okawaru
 29376 | Orc:2    | Found Witow's Food Shoppe.
 29376 | Orc:2    | Found Nane's Assorted Antiques.
 30547 | Spider:1 | Gained mutation: Your demonic aura causes spilled blood to erupt in flames. [demonic ancestry]
 30547 | Spider:1 | Reached XP level 16. HP: 127/127 MP: 18/18
 32220 | Spider:2 | Noticed Arachne
 33633 | Spider:2 | Killed Arachne
 33851 | Spider:2 | Received a gift from Okawaru
 33861 | Spider:2 | Got a twisted bardiche {god gift}
 33867 | Spider:2 | Identified the +7 bardiche "Puchur" {venom, +Fly rF++ Str-2 SInv} (Okawaru gifted it to you on level 2 of the Spider Nest)
 35336 | Spider:3 | Reached skill level 15 in Axes
 35511 | Spider:3 | Noticed Kirke
 35529 | Spider:3 | Killed Kirke
 35880 | Spider:3 | Received a gift from Okawaru
 36074 | Spider:4 | Entered Level 4 of the Spider Nest
 38424 | Spider:4 | Received a gift from Okawaru
 38424 | Spider:4 | Gained mutation: You are mostly covered in sharp spines. [demonic ancestry]
 38424 | Spider:4 | Reached XP level 17. HP: 124/136 MP: 11/19
 39483 | Spider:4 | Got a gossamer rune of Zot
 39793 | Elf:1    | Entered Level 1 of the Elven Halls
 41390 | Elf:1    | Received a gift from Okawaru
 41411 | Elf:1    | Identified the Almanac of Supportive Confrontation
 42154 | Elf:2    | Cast into level 3 of the Abyss (a deep elf demonologist)
 42433 | Abyss:3  | Noticed a lich
 42434 | Abyss:3  | Slain by a jiangshi

Skill      XL: |  1  2  3  4  5  6  7  8  9 10 11 12 13 14 15 16 17 |
---------------+----------------------------------------------------+-----
Axes           | 3 4 5 7 8 9 10 11 12 13 14 15 | 15.4
Dodging        | 3 4 5 6 7 8 9 10 11 12 | 12.4
Throwing       | 2 |  2.0
Armour         | 1 2 3 4 5 6 7 |  7.4
Fighting       | 3 4 5 7 8 9 10 11 12 13 | 13.6
Stealth        | 1 4 5 7 8 9 10 11 | 11.2
Shields        | 1 2 3 4 5 7 8 9 10 11 12 | 12.7
Evocations     | 1 2 3 |  3.3
Maces & Flails | 4 5 |  5.6

Action                   |  1- 3 |  4- 6 |  7- 9 | 10-12 | 13-15 | 16-18 || total
-------------------------+-------+-------+-------+-------+-------+-------++-------
Melee: War axe           |    99 |   214 |   344 |   149 |       |       ||   806
       Kick              |    25 |    72 |   112 |    38 |       |       ||   247
       Hand axe          |       |       |       |   713 |  1291 |  1006 ||  3010
       Flail             |       |       |       |       |   352 |       ||   352
Throw: Tomahawk          |       |       |       |     1 |       |       ||     1
Evoke: Wand              |       |       |     4 |     9 |    16 |    10 ||    39
       Lamp of fire      |       |       |       |     1 |     1 |       ||     2
  Use: Potion            |     2 |       |     5 |     7 |     4 |     8 ||    26
       Scroll            |     1 |     5 |    10 |    18 |    18 |    14 ||    66
 Stab: Paralysed         |       |       |     4 |       |       |       ||     4
       Sleeping          |       |       |     6 |    20 |    37 |    12 ||    75
       Distracted        |       |       |     1 |     4 |     6 |     4 ||    15
  Eat: Ration            |     1 |     2 |     4 |     9 |    13 |    11 ||    40
Armor: Leather armour    |    36 |    24 |    61 |   198 |   335 |   298 ||   952
       Chain mail        |       |    71 |    66 |       |       |       ||   137
Dodge: Dodged            |    68 |    94 |   161 |   422 |   791 |   770 ||  2306
Block: Buckler           |       |    35 |    91 |   316 |   592 |   517 ||  1551
